 Dungeon Crawl Stone Soup version 0.32-a0-616-g9348d4545b (webtiles) character file.

Game seed: 2893723348631252148

4 snetch the Conjurer (level 1, -1/10 HPs)
             Began as a Deep Elf Conjurer on Mar 5, 2024.
             Slain by a kobold
             ... wielding a +0 club
              (4 damage)
             ... on level 1 of the Dungeon.
             The game lasted 00:00:29 (57 turns).

snetch the Conjurer (Deep Elf Conjurer)               Turns: 57, Time: 00:00:29

Health: -1/10      AC:  3    Str:  4    XL:     1   Next: 50%
Magic:  1/6        EV: 12    Int: 22    God:
Gold:   0          SH:  0    Dex: 13    Spells: 5/6 levels left

rFire   . . .        (no weapon)
rCold   . . .        (no shield)
rNeg    . . .        a - +0 robe
rPois   .            (no helmet)
rElec   .            (no cloak)
rCorr   .            (no gloves)
SInv    .            c - +0 pair of boots
Will    .....        (no amulet)
Stlth   ++           (no ring)
HPRegen 0.21/turn    (no ring)
MPRegen 0.10/turn

%: no passive effects
@: no status effects
A: no striking features
a: no special abilities


You were on level 1 of the Dungeon.
You visited 1 branch of the dungeon, and saw 1 of its levels.

Inventory:

Armour
 a - a +0 robe (worn)
 c - a +0 pair of boots (worn)
Scrolls
 d - a scroll of teleportation {unknown}
Potions
 b - a potion of magic


   Skills:
 + Level 2.4 Dodging
 + Level 2.4 Stealth
 + Level 3.1 Spellcasting
 + Level 4.5 Conjurations


You had 5 spell levels left.
You knew the following spells:

 Your Spells              Type           Power      Damage    Failure   Level
a - Magic Dart            Conj           92%        1d7       1%          1

Your spell library contained the following spells:

 Spells                   Type           Power      Damage    Failure   Level
 Searing Ray              Conj           46%        2d6       2%          2
 Fulminant Prism          Conj/Alch      6%         3d7       43%         4
 Iskenderun's Mystic Bla  Conj/Tloc      13%        2d5       43%         4


Dungeon Overview and Level Annotations

Branches:
Dungeon (1/15)

Altars:


Message History

You open the door.
A ball python comes into view.
Found a cloak.
There is an open door here.
The magic dart hits the ball python.
You kill the ball python!
Found a metallic silvery potion.
Found a stone staircase leading down.
A hobgoblin comes into view.
The magic dart hits the hobgoblin.
The hobgoblin is severely wounded.
The hobgoblin shouts!
You hear an angry hiss.
A bat comes into view.
A kobold comes into view. It is wielding a +0 club.
The magic dart hits the hobgoblin.
The hobgoblin is almost dead.
The kobold shouts!
The magic dart hits the bat.
The bat is severely wounded.
The bat barely misses you.
A ball python comes into view.
The magic dart hits the bat.
You kill the bat!
The ball python hisses angrily.
The magic dart hits the hobgoblin.
You kill the hobgoblin!
A frilled lizard comes into view.
There is an open door here.
The magic dart hits the kobold.
The kobold is moderately wounded.
You are out of magic!
You close the door.
A kobold opens the door.
The magic dart hits the ball python.
You kill the ball python!
The kobold hits you with a +0 club. The kobold attacks as it pursues you!
The kobold barely misses you. The kobold attacks as it pursues you!
The kobold hits you with a +0 club.
* * * LOW HITPOINT WARNING * * *
The kobold hits you with a +0 club.
You die...

#####+#####
###.........###
##.............##
#......#'#......#
+.....##<##.....+
+.....##>##.....+
#......#+#......# .
##...lK...†....##
.. ###...@.....###
...########'######
.......S...........
...................
..#!......#.....##.
..l...†.........#
....[.............
..#......>.########
###....#...


You could see a kobold and a frilled lizard.

Vanquished Creatures
  2 ball pythons (D:1)
  A hobgoblin (D:1)
  A bat (D:1)
4 creatures vanquished.

Notes
Turn   | Place    | Note
-------+----------+-------------------------------------------
     0 | D:1      | snetch the Deep Elf Conjurer began the quest for the Orb.
     0 | D:1      | Reached XP level 1. HP: 10/10 MP: 6/6
    57 | D:1      | Slain by a kobold

Illustrated notes

Levels and vault maps discovered:
D:1:      dpeg_arrival_refuge, layout_rooms

Action                     || total
---------------------------++-------
   Cast: Magic Dart        ||     8
 Armour: Robe              ||     3
  Dodge: Dodged            ||     2

Table legend: (Time is in decaauts)
 A = Elapsed time spent in this place.
 B = Non-inter-level travel time spent in this place.
 C = Inter-level travel time spent in this place.
 D = Time resting spent in this place.
 E = Time spent auto-exploring this place.
 F = Levels seen in this place.
 G = Mean time per level.
                   A        B        C        D        E       F      G
               +--------+--------+--------+--------+--------+-----+--------+
         Total |     57 |     57 |      0 |      0 |      8 |   1 |   57.0 |
       Dungeon |     57 |     57 |      0 |      0 |      8 |   1 |   57.0 |
               +--------+--------+--------+--------+--------+-----+--------+

Top non-repeatable levels by time:
     D:1: 57 daAuts
